 Dungeon Crawl Stone Soup version 0.16.2-12-gd0ad4c3 (webtiles) character file.

155571 faibistes the Eclecticist (level 17, -21/99 HPs)
             Began as a Deep Elf Wizard on Sept 15, 2018.
             Was the Champion of Sif Muna.
             Demolished by an alligator snapping turtle (47 damage)
             ... on level 2 of the Shoals.
             The game lasted 02:51:21 (54873 turns).

faibistes the Eclecticist (Deep Elf Wizard)        Turns: 54873, Time: 02:51:21

Health: -21/99     AC: 11    Str:  4    XL:     17   Next: 8%
Magic:  14/50      EV: 18    Int: 33    God:    Sif Muna [******]
Gold:   1748       SH:  0    Dex: 15    Spells: 11 memorised, 5 levels left

rFire  . . .     SeeInvis .     H - staff of wizardry
rCold  . . .     Clarity  .     n - +2 robe {Archmagi}
rNeg   . . .     SustAb   .     (no shield)
rPois  +         Gourm    +     b - +2 hat
rElec  .         Spirit   .     k - +1 cloak
rCorr  .         Warding  .     p - +2 pair of gloves {archery}
rMut   .         Stasis   .     (no boots)
MR     +....                    I - amulet of the gourmand
Stlth  ++........               B - ring of poison resistance
                                L - ring of magical power

@: repel missiles, somewhat resistant to hostile enchantments, unstealthy
A: agile 1, clever 1
a: Channel Energy, Forget Spell, Renounce Religion


You were on level 2 of the Shoals.
You worshipped Sif Muna.
Sif Muna was exalted by your worship.
You were full.

You visited 6 branches of the dungeon, and saw 30 of its levels.
You visited 1 bazaar.
You also visited: Bailey.

You collected 3409 gold pieces.
You spent 1661 gold pieces at shops.

Inventory:

Hand weapons
 w - a +5 dagger of venom
 S - a +2 dagger of electrocution
Armour
 b - a +2 hat (worn)
 k - a +1 cloak (worn)
 n - a +2 robe of the Archmagi (worn)
 p - a +2 pair of gloves of archery (worn)
Magical staves
 H - an uncursed staff of wizardry (weapon)
Jewellery
 h - an uncursed ring of invisibility
 i - an uncursed ring of protection from cold
 o - an uncursed ring of protection from magic
 r - an uncursed amulet of clarity
 v - an uncursed ring of flight
 B - a ring of poison resistance (right hand)
 I - an amulet of the gourmand (around neck)
 L - a ring of magical power (left hand)
 X - an uncursed ring of positive energy
Magical devices
 a - a wand of lightning (5)
 c - a wand of draining (6)
 C - a wand of lightning (6)
 E - a wand of draining (7)
 K - a wand of digging (15)
 N - a wand of cold (1)
 O - a wand of fire (4)
 R - a wand of fireball (1)
 U - a wand of confusion (19)
 Y - a wand of disintegration (19)
Scrolls
 j - 2 scrolls of blinking
 m - 8 scrolls of teleportation
 x - 7 scrolls of remove curse
 y - 4 scrolls of magic mapping
 D - 4 scrolls of identify
 F - 2 scrolls of fear
 G - 2 scrolls of fog
 V - 3 scrolls of immolation
 Z - a scroll of recharging
Potions
 e - a potion of magic
 f - a potion of resistance
 g - a potion of heal wounds
 q - 12 potions of curing
 t - 3 potions of ambrosia
 u - 5 potions of restore abilities
 A - 3 potions of cancellation
 J - 4 potions of brilliance
 P - 2 potions of invisibility
 Q - 4 potions of haste
 T - a potion of flight
 W - a potion of cure mutation
Books
 M - a book of Annihilations

   Spells                             Type                      Level
   a - Poison Arrow                   Conjuration/Poison           6
   b - Chain Lightning                Conjuration/Air              8
   c - Lehudib's Crystal Spear        Conjuration/Earth            8
   d - Glaciate                       Conjuration/Ice              9
   e - Fire Storm                     Conjuration/Fire             9
Miscellaneous
 s - a phial of floods
Comestibles
 d - 18 bread rations
 l - 15 meat rations


   Skills:
 + Level 8.9 Fighting
 - Level 10.0 Dodging
 - Level 2.4 Stealth
 * Level 18.4 Spellcasting
 * Level 14.3 Conjurations
 * Level 9.8 Charms
 - Level 3.4 Summonings
 - Level 7.0 Translocations
 * Level 14.5 Fire Magic
 - Level 3.0 Air Magic
 - Level 2.3 Poison Magic
 - Level 10.0 Invocations
 - Level 9.4 Evocations


You had 5 spell levels left.
You knew the following spells:

 Your Spells              Type           Power        Failure   Level  Hunger
a - Magic Dart            Conj           ####         0%          1    None
b - Ring of Flames        Chrm/Fire      ########..   4%          7    ###....
c - Summon Forest         Summ/Tloc      #######...   1%          5    None
d - Blink                 Tloc           N/A          1%          2    None
e - Poisonous Cloud       Conj/Pois/Air  #######...   6%          6    None
f - Repel Missiles        Chrm/Air       ######       1%          2    None
i - Iskenderun's Battles  Conj/Chrm      ########     1%          5    None
k - Fulminant Prism       Conj/Hex       #######...   1%          4    None
v - Bolt of Fire          Conj/Fire      ########..   1%          6    None
x - Force Lance           Conj/Tloc      ########     1%          4    None
z - Fireball              Conj/Fire      ########..   1%          5    None


Dungeon Overview and Level Annotations

Branches:
Dungeon (13/15)            Temple (1/1) D:7            Lair (8/8) D:8
 Shoals (2/5) Lair:4        Snake (0/5) Lair:4        Slime (0/6) Lair:6
    Orc (4/4) D:12            Elf (2/3) Orc:3
 Vaults: D:13-14

Altars:
Ashenzari
Cheibriados
Dithmenos
Elyvilon
Fedhas
Gozag
Kikubaaqudgha
Makhleb
Nemelex Xobeh
Okawaru
Qazlal
Ru
Sif Muna
Trog
Vehumet
Xom
Yredelemnul
Zin
The Shining One

Shops:
D:6 *!   D:7 *   D:9 =   Orc:1 [   Orc:4 !}[=   Elf:1 !


Innate Abilities, Weirdness & Mutations

You are agile. (Dex +2)
Your mind is acute. (Int +2)


Message History

The alligator snapping turtle is severely wounded.
The alligator snapping turtle bites you from afar!!
You hear a shout!
Unknown command.
The cyclops moves out of view.
You see here 2 large rocks.
Casting: Bolt of Fire
Confirm with . or Enter, or press ? or * to list all spells.
Aiming: Bolt of Fire
Press: ? - help, Shift-Dir - straight line, f/p - alligator snapping turtle
Aim: an alligator snapping turtle (severely wounded)
You feel a surge of power!
The bolt of fire hits the griffon.
The griffon is moderately wounded.
The bolt of fire hits the alligator snapping turtle.
The alligator snapping turtle is almost dead.
The griffon is engulfed in a cloud of scalding steam.
The griffon closely misses you. The griffon misses you. The griffon claws you.
* * * LOW HITPOINT WARNING * * *
The alligator snapping turtle bites you from afar!!!
You die...

≈≈≈≈≈≈≈...##.##
≈≈≈≈≈≈≈≈..## ≈≈≈
≈≈≈≈≈≈≈≈...# ≈≈≈≈≈≈
≈≈≈≈≈≈≈..##
≈≈≈≈≈≈≈≈≈≈≈≈≈≈≈...######..
≈≈≈≈≈≈≈≈≈≈≈≈≈≈≈≈.........#
≈≈≈≈≈≈≈≈≈≈≈≈≈≈≈≈.......≈.#
≈≈≈≈≈≈≈≈≈≈≈≈§≈§≈..#...≈≈..
≈≈≈≈≈≈≈≈≈≈C≈§≈tH@...≈.≈≈≈≈
≈≈≈≈≈≈≈≈≈≈≈≈§§≈≈>...≈)≈≈≈≈
.)..≈≈≈..≈≈§≈≈≈§≈≈..≈≈≈≈≈
##...≈≈≈.§§.≈§≈≈≈..≈≈≈≈≈≈
####(≈≈≈≈......###.≈≈≈≈≈≈
.# #.≈(≈....... .≈≈≈≈≈
.####.≈≈..#.... .≈≈≈≈
.....§§§..##... .≈≈≈
....HH.H.## #.. ≈≈≈


You could see an alligator snapping turtle and a griffon.

Vanquished Creatures
  A deep elf blademaster (Elf:2)
  A deep elf sorcerer (Elf:1)
  A deep elf demonologist (Elf:1)
  Azrael (Elf:2)
  A merfolk impaler (Shoals:1)
  A deep elf death mage (Elf:1)
  10 hydras
  The ghost of faibistes the Thaumaturge, a powerful DEWz of Sif Muna (Lair:4)
  Nessos (D:11)
  2 centaur warriors (D:13)
  13 dancing weapons (Elf:2)
  A merfolk aquamancer (Shoals:1)
  4 death yaks (Lair:7)
  5 orc high priests
  Urug (D:12)
  15 deep elf knights
  7 spriggans (Lair:8)
  3 unseen horrors
  4 deep elf summoners (Elf:1)
  6 sea snakes
  An obsidian statue (D:10)
  Erolcha (D:11)
  Pikel (D:7)
  5 hill giants
  3 orc knights
  11 cyclopes
  3 griffons
  2 ugly things
  15 harpies
  An oklob plant (Lair:4)
  13 deep elf conjurers
  3 manticores (Shoals:1)
  6 fauns
  2 centaur zombies (D:11)
  22 elephants
  5 orc sorcerers
  2 water nymphs
  2 sirens
  7 black mambas
  2 gargoyles
  13 spiny frogs
  A queen ant (Lair:8)
  An efreet (D:12)
  5 fire drakes
  13 komodo dragons
  12 deep elf priests
  A spriggan druid (Lair:8)
  A merfolk (shapeshifter) (Elf:2)
  A queen bee (shapeshifter) (Elf:2)
  6 two-headed ogres (Orc:3)
  15 merfolk
  7 trolls
  3 polar bears (Lair:8)
  A wind drake (Shoals:1)
  20 blink frogs
  A raiju (shapeshifter) (Elf:1)
  2 wandering mushrooms
  5 basilisks
  A snapping turtle (Shoals:1)
  19 deep elf magi
  4 water elementals
  A wraith (D:13)
  5 fire elementals (Elf:2)
  A golden eye (shapeshifter) (Elf:1)
  7 hungry ghosts
  7 redbacks
  A human (D:5)
  29 yaks
  20 deep elf fighters
  Eustachio (D:8)
  Grum (D:11)
  7 soldier ants
  4 wargs
  52 wolves
  A mottled dragon (D:12)
  7 hippogriffs
  2 nagas (Lair:4)
  12 water moccasins
  18 porcupines
  5 black bears
  41 orc warriors
  5 ice beasts
  An eye of draining (D:12)
  2 slaves (D:7)
  4 wasps
  A hell hound (Elf:2)
  2 necrophages
  5 sky beasts
  27 ogres
  A phantom (D:11)
  13 crocodiles
  Duvessa (D:8)
  21 centaurs
  5 big kobolds
  Blork the orc (D:9)
  19 giant frogs
  A gnoll sergeant (D:8)
  A wyvern skeleton (D:7)
  A water moccasin zombie (D:8)
  5 killer bees (D:13)
  3 scorpions
  6 jellies
  3 giant frog zombies
  8 wights
  Dowan (D:8)
  An electric eel (Lair:2)
  18 hounds
  A fulminant prism (Lair:2)
  4 crimson imps
  4 giant frog skeletons
  45 orc wizards
  39 orc priests
  4 quasits
  27 worker ants
  8 iguanas
  2 hell rats (Elf:1)
  21 sheep
  A hound zombie (D:9)
  5 hound skeletons
  15 gnolls
  60 river rats
  3 worker ant zombies
  31 adders
  4 giant mites
  3 shadow imps
  2 worms
  An adder zombie (D:7)
  A giant gecko (D:5)
  An ooze (D:2)
  175 orcs
  A ball python (D:5)
  22 goblins
  15 hobgoblins
  6 jackals
  22 kobolds
  15 quokkas
  14 bats
  A giant cockroach (D:1)
  7 giant newts
  5 giant spores
  A goblin zombie (D:5)
  9 rats
  9 ballistomycetes
  3 bushes (Lair:4)
  2 crawling corpses (Elf:2)
  14 fungi
  7 plants
1306 creatures vanquished.

Vanquished Creatures (collateral kills)
  3 yaks (Lair:3)
  2 wolves (Lair:8)
  An orc warrior (Orc:1)
  A black bear (Lair:8)
  3 orc priests
  2 worker ants (Lair:8)
  A hound (Lair:5)
  8 orc wizards
  A sheep (Lair:3)
  A gnoll (D:1)
  11 river rats
  41 orcs
  A goblin (Orc:4)
  A hobgoblin (Orc:4)
  6 fungi
  6 plants
89 creatures vanquished.

Vanquished Creatures (others)
  A deep elf knight (Elf:2)
  A dryad (Lair:8)
  A fire vortex (D:8)
  22 fulminant prisms
  2 shadow imps (D:1)
  An orc (D:6)
  A bat skeleton (D:6)
  A giant newt (D:6)
  A giant spore (D:12)
  A ballistomycete (D:12)
  51 fungi
  53 plants
  607 snaplasher vine segments
743 creatures vanquished.

Grand Total: 2138 creatures vanquished

Notes
Turn   | Place    | Note
--------------------------------------------------------------
     0 | D:1      | faibistes, the Deep Elf Wizard, began the quest for the Orb.
     0 | D:1      | Reached XP level 1. HP: 10/10 MP: 6/6
   245 | D:1      | Reached XP level 2. HP: 15/15 MP: 1/10
   320 | D:1      | Learned a level 2 spell: Blink
   323 | D:1      | Learned a level 2 spell: Call Imp
  1143 | D:1      | Reached skill level 5 in Spellcasting
  1220 | D:1      | Reached XP level 3. HP: 11/19 MP: 7/14
  1235 | D:1      | Learned a level 3 spell: Conjure Flame
  1239 | D:1      | Learned a level 3 spell: Mephitic Cloud
  2105 | D:3      | Learned a level 2 spell: Repel Missiles
  2138 | D:2      | Reached XP level 4. HP: 24/24 MP: 12/17
  3275 | D:4      | Reached skill level 6 in Spellcasting
  3275 | D:4      | Reached XP level 5. HP: 28/28 MP: 4/20
  3375 | D:5      | Entered Level 5 of the Dungeon
  3375 | D:5      | Noticed a centaur
  3378 | D:5      | Killed a centaur
  3405 | D:5      | Reached XP level 6. HP: 20/32 MP: 6/22
  3781 | D:3      | Found a sacrificial altar of Ru.
  3859 | D:3      | Found a bloodstained altar of Trog.
  4780 | D:4      | Noticed an ogre
  4784 | D:4      | Reached skill level 7 in Spellcasting
  4794 | D:4      | Killed an ogre
  4794 | D:4      | Reached skill level 1 in Fighting
  4967 | D:4      | Reached XP level 7. HP: 35/38 MP: 21/25
  5063 | D:4      | Noticed an ogre
  5073 | D:4      | Killed an ogre
  5530 | D:4      | Reached skill level 8 in Spellcasting
  6111 | D:5      | Reached skill level 5 in Dodging
  6161 | D:5      | Noticed a human
  6162 | D:5      | Found a runed door.
  6167 | D:6      | Found Zin's Purification Station.
  6167 | D:6      | Found a glowing silver altar of Zin.
  6277 | D:5      | Found a basalt altar of Yredelemnul.
  6291 | D:5      | Killed a human
  6291 | D:5      | Reached skill level 9 in Spellcasting
  6291 | D:5      | Reached XP level 8. HP: 41/46 MP: 23/28
  6831 | D:5      | Noticed an ogre
  6839 | D:5      | Killed an ogre
  6839 | D:5      | Reached skill level 1 in Evocations
  6960 | D:5      | Noticed an ogre
  6971 | D:5      | Killed an ogre
  7374 | D:6      | Found Ila Liev's Distillery.
  7390 | D:6      | Bought a potion of brilliance for 56 gold pieces
  7390 | D:6      | Bought a potion of mutation for 35 gold pieces
  7418 | D:6      | Noticed Pikel
  7482 | D:7      | Found a staircase to the Ecumenical Temple.
  7662 | Temple   | Entered the Ecumenical Temple
  7722 | Temple   | Became a worshipper of Sif Muna the Loreminder
  7895 | D:7      | Killed Pikel
  7895 | D:7      | Acquired Sif Muna's first power
  7895 | D:7      | Reached skill level 10 in Spellcasting
  7895 | D:7      | Reached skill level 1 in Fire Magic
  7895 | D:7      | Reached skill level 1 in Air Magic
  7895 | D:7      | Reached XP level 9. HP: 41/52 MP: 16/30
  8089 | D:7      | Reached skill level 1 in Poison Magic
  8291 | D:6      | Learned a level 4 spell: Sticky Flame
  8297 | D:6      | Learned a level 5 spell: Fireball
  8437 | D:6      | Reached skill level 5 in Conjurations
  8696 | D:6      | Found a white marble altar of Elyvilon.
  8871 | D:6      | Found a burning altar of Makhleb.
  9316 | D:7      | Acquired Sif Muna's second power
  9826 | D:7      | Found Khoohuq's General Store.
  9830 | D:7      | Bought a scroll of remove curse for 36 gold pieces
  9830 | D:7      | Bought a potion of heal wounds for 60 gold pieces
  9830 | D:7      | Bought a scroll of identify for 24 gold pieces
  9830 | D:7      | Bought a scroll of amnesia for 42 gold pieces
  9831 | D:7      | Gained mutation: Your mind is acute. (Int +2) [potion of beneficial mutation]
 10468 | D:8      | Reached skill level 1 in Invocations
 10620 | D:8      | Found a blossoming altar of Fedhas.
 10672 | D:8      | Reached skill level 1 in Charms
 10827 | D:9      | Reached XP level 10. HP: 57/57 MP: 15/31
 11438 | D:8      | Found a staircase to the Lair.
 11441 | D:8      | Noticed a wandering mushroom
 11456 | D:8      | Killed a wandering mushroom
 11456 | D:8      | Reached skill level 5 in Fire Magic
 11619 | D:8      | Noticed Duvessa
 11622 | D:8      | Killed Duvessa
 11623 | D:8      | Noticed Dowan
 11627 | D:8      | Killed Dowan
 11786 | D:8      | Noticed Eustachio
 11787 | D:8      | Found a shattered altar of Ashenzari.
 11801 | D:8      | Killed Eustachio
 12407 | D:9      | Noticed Blork the orc
 12415 | D:9      | Killed Blork the orc
 12491 | D:10     | Entered Level 10 of the Dungeon
 13162 | D:9      | Found a stormy altar of Qazlal.
 13164 | D:9      | Found Tafriqod's Jewellery Shop.
 13320 | D:9      | Reached skill level 11 in Spellcasting
 14165 | D:9      | Noticed a three-headed hydra
 14183 | D:9      | Killed a three-headed hydra
 14336 | D:9      | Acquired Sif Muna's third power
 14482 | D:10     | Reached XP level 11. HP: 59/62 MP: 24/33
 14599 | D:10     | Noticed an obsidian statue
 14679 | D:11     | Found a flickering gateway to a bazaar.
 14685 | Bazaar   | Entered a bazaar
 14685 | Bazaar   | Found Uryukhywn's Book Shoppe.
 14685 | Bazaar   | Found Mavamag's Book Shoppe.
 14685 | Bazaar   | Found Okol's Weapon Emporium.
 14686 | Bazaar   | Found Ghaj's Armour Emporium.
 14711 | Bazaar   | Bought a book of Conjurations for 270 gold pieces
 14717 | Bazaar   | Learned a level 5 spell: Iskenderun's Battlesphere
 14721 | Bazaar   | Learned a level 3 spell: Dazzling Spray
 14738 | D:11     | Reached skill level 5 in Fighting
 14851 | D:11     | Noticed an unseen horror
 14853 | D:11     | Killed an unseen horror
 15289 | D:10     | Learned a level 4 spell: Fulminant Prism
 15788 | D:10     | Noticed an ice devil
 16386 | D:10     | Killed an obsidian statue
 16386 | D:10     | Reached skill level 5 in Invocations
 16722 | Lair:1   | Entered Level 1 of the Lair of Beasts
 16724 | Lair:1   | Reached skill level 5 in Translocations
 17187 | Lair:1   | Noticed a six-headed hydra
 17198 | Lair:1   | Killed a six-headed hydra
 17198 | Lair:1   | Reached skill level 5 in Charms
 17198 | Lair:1   | Reached skill level 5 in Evocations
 17712 | Lair:1   | Reached skill level 12 in Spellcasting
 18831 | Lair:4   | Reached XP level 12. HP: 62/68 MP: 9/35
 19680 | Lair:2   | Found a blossoming altar of Fedhas.
 19740 | Lair:2   | Got a transparent long sword
 19741 | Lair:2   | Identified the +4 long sword of Dishrill {flame, *Rage Str+3 Int+4} (You found it on level 2 of the Lair of Beasts)
 20891 | Lair:3   | Received a gift from Sif Muna
 20892 | Lair:3   | Identified Sif Muna's Handbook of Conjuration and Poison (Sif Muna gifted it to you on level 3 of the Lair of Beasts)
 21112 | Lair:4   | Noticed faibistes' ghost (powerful DEWz)
 21121 | Lair:4   | Killed faibistes' ghost
 21183 | Lair:4   | Found a staircase to the Shoals.
 21342 | Lair:5   | Reached skill level 13 in Spellcasting
 21672 | Lair:3   | Learned a level 4 spell: Force Lance
 21728 | Lair:2   | Learned a level 5 spell: Summon Forest
 21732 | Lair:2   | Learned a level 3 spell: Dazzling Spray
 21876 | Lair:3   | Noticed a six-headed hydra
 21886 | Lair:3   | Killed a six-headed hydra
 22610 | Lair:4   | Found a staircase to the Snake Pit.
 22705 | Lair:4   | Reached XP level 13. HP: 63/74 MP: 3/36
 24742 | Lair:5   | Noticed a four-headed hydra
 24782 | Lair:5   | Received a gift from Sif Muna
 25094 | Lair:5   | Killed a four-headed hydra
 26998 | Lair:6   | Reached skill level 14 in Spellcasting
 26998 | Lair:6   | Reached skill level 10 in Conjurations
 27160 | Lair:6   | Found a staircase to the Slime Pits.
 27276 | Lair:2   | Gained mutation: You are agile. (Dex +2) [potion of beneficial mutation]
 27770 | Lair:6   | Reached skill level 10 in Fire Magic
 28606 | Lair:7   | Reached XP level 14. HP: 80/80 MP: 8/38
 28853 | Lair:8   | Entered Level 8 of the Lair of Beasts
 30311 | Lair:8   | Got a warped robe
 30322 | Lair:8   | Identified the +2 robe of Articulation {rPois Regen+ Str+6 Int+4 Stlth-} (You found it on level 8 of the Lair of Beasts)
 31376 | Lair:8   | Reached skill level 10 in Invocations
 31990 | Lair:8   | Got an ichor-stained quicksilver dragon armour
 32001 | Lair:8   | Identified the quicksilver dragon armour of Space {+Inv MR+ rCorr Int-2 Slay-5 SInv} (You found it on level 8 of the Lair of Beasts)
 32892 | Lair:8   | Received a gift from Sif Muna
 32893 | Lair:8   | Identified Sif Muna's Papyrus of Creation (Sif Muna gifted it to you on level 8 of the Lair of Beasts)
 33119 | Lair:8   | Reached skill level 15 in Spellcasting
 33893 | Lair:2   | Learned a level 6 spell: Poisonous Cloud
 34106 | D:11     | Noticed a hill giant
 34110 | D:11     | Killed a hill giant
 34333 | D:11     | Noticed a hill giant
 34338 | D:11     | Noticed a hill giant
 34347 | D:11     | Killed a hill giant
 34375 | D:11     | Killed a hill giant
 34627 | D:11     | Reached skill level 10 in Dodging
 34652 | D:11     | Found a shimmering altar of Xom.
 34706 | D:11     | Noticed Grum
 34712 | D:11     | Killed Grum
 34802 | D:11     | Noticed a hill giant
 34806 | D:11     | Killed a hill giant
 35106 | D:12     | Found a shadowy altar of Dithmenos.
 35701 | D:13     | Reached XP level 15. HP: 30/86 MP: 27/39
 35754 | D:13     | Found a flagged portal.
 35765 | Bailey   | Entered a bailey
 37117 | D:11     | Noticed Erolcha
 37120 | D:11     | Killed Erolcha
 37153 | D:11     | Noticed Nessos
 37167 | D:11     | Killed Nessos
 38144 | D:12     | Found a staircase to the Orcish Mines.
 38317 | D:12     | Noticed Urug
 38326 | D:12     | Killed Urug
 38326 | D:12     | Received a gift from Sif Muna
 38327 | D:12     | Identified Sif Muna's Catalogue of Combat Magic and the Arsonist (Sif Muna gifted it to you on level 12 of the Dungeon)
 38729 | D:12     | Reached skill level 16 in Spellcasting
 39199 | Orc:1    | Entered Level 1 of the Orcish Mines
 39297 | Orc:1    | Found Peokyown's Armour Shoppe.
 40029 | Orc:4    | Entered Level 4 of the Orcish Mines
 40029 | Orc:4    | Found a bloodstained altar of Trog.
 40376 | Orc:3    | Found a staircase to the Elven Halls.
 45190 | Orc:4    | Found Welucs' Distillery.
 45190 | Orc:4    | Found Claot's Gadget Shoppe.
 45197 | Orc:4    | Found Thrihum's Antique Armour Emporium.
 45197 | Orc:4    | Found Behon's Jewellery Emporium.
 45231 | Orc:4    | Bought an uncursed amulet of the gourmand for 330 gold pieces
 45231 | Orc:4    | Bought an uncursed ring of magical power for 220 gold pieces
 45233 | Orc:4    | Bought a potion of curing for 36 gold pieces
 45233 | Orc:4    | Bought a potion of curing for 36 gold pieces
 45233 | Orc:4    | Bought a potion of invisibility for 96 gold pieces
 45685 | Lair:2   | Learned a level 4 spell: Fulminant Prism
 45864 | Elf:1    | Entered Level 1 of the Elven Halls
 46058 | Elf:1    | Noticed a Hell Sentinel
 46533 | Elf:1    | Found Tryacyt's Distillery.
 46769 | Elf:1    | Bought a potion of haste for 140 gold pieces
 46769 | Elf:1    | Bought a potion of haste for 140 gold pieces
 46769 | Elf:1    | Bought a potion of haste for 140 gold pieces
 47024 | Elf:1    | Received a gift from Sif Muna
 47025 | Elf:1    | Identified Cuethrel's Disquisition on Orientation (Sif Muna gifted it to you on level 1 of the Elven Halls)
 47266 | Elf:1    | Reached skill level 17 in Spellcasting
 48083 | Lair:2   | Learned a level 6 spell: Bolt of Fire
 48295 | Elf:1    | Reached XP level 16. HP: 66/93 MP: 21/41
 49407 | Elf:2    | Found a huge runed gate.
 49410 | Elf:2    | Found a huge runed gate.
 49416 | Elf:2    | Found a huge runed gate.
 49416 | Elf:2    | Found a huge runed gate.
 49417 | Elf:2    | Found a huge runed gate.
 50266 | Elf:2    | Noticed Azrael
 50275 | Elf:2    | Killed Azrael
 50275 | Elf:2    | Received a gift from Sif Muna
 50278 | Elf:2    | Identified Sif Muna's Reference Book on the Destructive Blaze (Sif Muna gifted it to you on level 2 of the Elven Halls)
 50636 | Elf:2    | Noticed a deep elf blademaster
 50639 | Elf:2    | Killed a deep elf blademaster
 51485 | Lair:2   | Learned a level 7 spell: Ring of Flames
 51541 | Shoals:1 | Entered Level 1 of the Shoals
 51772 | Shoals:1 | Reached skill level 18 in Spellcasting
 54547 | Shoals:2 | Reached XP level 17. HP: 99/99 MP: 38/42
 54784 | Shoals:2 | Received a gift from Sif Muna
 54788 | Shoals:2 | Identified Sif Muna's Volume of Supportive Malediction (Sif Muna gifted it to you on level 2 of the Shoals)
 54873 | Shoals:2 | Demolished by an alligator snapping turtle

Action                   |  1- 3 |  4- 6 |  7- 9 | 10-12 | 13-15 | 16-18 || total
-------------------------+-------+-------+-------+-------+-------+-------++-------
Melee: Dagger            |       |    14 |   146 |   156 |    50 |       ||   366
       Staff             |       |       |       |       |     9 |     5 ||    14
 Cast: Magic Dart        |    76 |   143 |   249 |   317 |   117 |    29 ||   931
       Call Imp          |     4 |       |       |       |       |       ||     4
       Blink             |     2 |     2 |     6 |     9 |    24 |       ||    43
       Conjure Flame     |     1 |     1 |    19 |    54 |    50 |       ||   125
       Repel Missiles    |     1 |       |       |     1 |     4 |     3 ||     9
       Mephitic Cloud    |       |     7 |    20 |    27 |     2 |       ||    56
       Sticky Flame      |       |       |    16 |   100 |     9 |       ||   125
       Fireball          |       |       |     7 |    67 |   543 |    67 ||   684
       Fulminant Prism   |       |       |       |    17 |       |     6 ||    23
       Iskenderun's Batt |       |       |       |    19 |    22 |    11 ||    52
       Dazzling Spray    |       |       |       |     2 |       |       ||     2
       Force Lance       |       |       |       |     7 |   128 |    36 ||   171
       Summon Forest     |       |       |       |     2 |    12 |       ||    14
       Poisonous Cloud   |       |       |       |       |    59 |    16 ||    75
       Bolt of Fire      |       |       |       |       |     1 |    65 ||    66
       Ring of Flames    |       |       |       |       |       |     9 ||     9
Invok: Channel Energy    |       |       |     2 |    13 |    89 |    27 ||   131
       Forget Spell      |       |       |       |       |     1 |     2 ||     3
  Use: Scroll            |       |     7 |    12 |    14 |    13 |     5 ||    51
       Potion            |       |       |     1 |     2 |     6 |     1 ||    10
 Stab: Confused          |       |     1 |    11 |     1 |       |       ||    13
       Sleeping          |       |     1 |     1 |       |       |       ||     2
  Eat: Chunk             |     1 |     7 |    14 |    36 |    72 |    25 ||   155
       Bread ration      |     1 |       |     1 |       |       |       ||     2
       Fruit             |       |       |       |     3 |    24 |       ||    27
       Royal jelly       |       |       |       |     1 |     1 |       ||     2
       Beef jerky        |       |       |       |       |     3 |       ||     3
       Pizza             |       |       |       |       |       |     1 ||     1
